 Dungeon Crawl Stone Soup version 0.31-a0-506-g3d79149578 (webtiles) character file.

Game seed: 10141295735423841556

57926 wazuzuz the Fighter (level 14, -4/144 HPs)
             Began as a Demonspawn Shapeshifter on Aug 9, 2023.
             Was a Believer of Ru.
             Slain by a death yak (21 damage)
             ... on level 4 of the Lair of Beasts.
             The game lasted 01:18:19 (15321 turns).

wazuzuz the Fighter (Demonspawn Shapeshifter)      Turns: 15321, Time: 01:18:19

Health: -4/144     AC: 10    Str: 26 (27) XL:     14   Next: 47%
Magic:  14/14      EV: 20    Int:  9 (11) God:    Ru [**....]
Gold:   905        SH:  0    Dex: 14      Spells: 13/13 levels left

rFire   + +          .
                       - Unarmed
rCold   + + .        (shield currently unavailable)
rNeg    . . .        w - melded +0 troll leather armour
rPois   +            (helmet currently unavailable)
rElec   .            s - melded +0 cloak
rCorr   .            (gloves unavailable)
SInv    .            (boots currently unavailable)
Will    +....        K - amulet "Virufy" {rF+ rC+ Regen+}
Stlth   ++++         R - +5 ring of evasion
HPRegen 1.24/turn    G - ring of Cymicimm {rPois rF+ rC+ Str+3}
MPRegen 0.14/turn

%: no passive effects
@: snake-form
A: constrict, boosted hp, large, (claws 3), rugged brown scales 2, demonic
guardian 1, augmentation 1, inability to train armour, no conjurations magic, no
hexes magic, no poison magic, demonic magic 3
a: Begin Untransformation, Renounce Religion


You were on level 4 of the Lair of Beasts.
You worshipped Ru.
Ru was pleased with you.
You were an enormous anaconda.
You visited 3 branches of the dungeon, and saw 17 of its levels.
You also visited: Ice Cave and Volcano.

You collected 1118 gold pieces.
You spent 213 gold pieces at shops.

Inventory:

Hand Weapons
 a - the +9 long sword of Juts {freeze, rElec rF+++ rCorr Dex-5}
   (You found it on level 6 of the Dungeon)

   Dex-5:     It affects your dexterity (-5).
   rF+++:     It renders you almost immune to fire.
   rElec:     It insulates you from electricity.
   rCorr:     It protects you from acid and corrosion.
Missiles
 y - 4 throwing nets
Armour
 s - a +0 cloak (melded)
 v - a +3 kite shield of protection
 w - a +0 troll leather armour (melded)
Jewellery
 k - a ring of resist corrosion
 l - a ring of ice
 t - an amulet of reflection
 z - an amulet of guardian spirit
 G - the ring of Cymicimm (right hand) {rPois rF+ rC+ Str+3}
   (You took it off a centaur warrior on level 8 of the Dungeon)

   [ring of protection from cold]

   Str+3:     It affects your strength (+3).
   rF+:       It protects you from fire.
   rC+:       It protects you from cold.
   rPois:     It protects you from poison
 H - the ring "Beagelai" {rN+ Stlth+}
   (You found it on level 8 of the Dungeon)

   [ring of positive energy]

   rN+:       It protects you from negative energy.
   Stlth+:    It makes you more stealthy.
 K - the amulet "Virufy" (around neck) {rF+ rC+ Regen+}
   (You found it on level 8 of the Dungeon)

   [amulet of regeneration]

   rF+:       It protects you from fire.
   rC+:       It protects you from cold.
   Regen+:    It increases your rate of health regeneration.
 L - the amulet "Zuuc" {Faith +Blink rElec Str-2 Dex+4}
   (You found it on level 8 of the Dungeon)

   [amulet of faith]

   Faith:     It allows you to gain divine favour quickly.
   Str-2:     It affects your strength (-2).
   Dex+4:     It affects your dexterity (+4).
   rElec:     It insulates you from electricity.
   +Blink:    It lets you blink.
 R - a +5 ring of evasion (left hand)
 S - a ring of protection from cold
 T - a +4 ring of protection
Talismans
 c - a beast talisman
 d - a flux talisman
 f - a serpent talisman (active)
Wands
 q - a wand of flame (45)
 r - a wand of quicksilver (14)
 x - a wand of iceblast (10)
 B - a wand of charming (28)
 Q - a wand of digging (11)
Scrolls
 g - 3 scrolls of teleportation
 h - 6 scrolls of poison
 m - 2 scrolls of blinking
 n - 2 scrolls of identify
 p - a scroll of enchant weapon
 A - 4 scrolls of enchant armour
 F - 4 scrolls of fog
 I - 2 scrolls of vulnerability
 M - a scroll of brand weapon
Potions
 b - 5 potions of lignification
 e - a potion of attraction {unknown}
 i - 11 potions of curing
 j - 6 potions of mutation
 o - 4 potions of might {unknown}
 u - 2 potions of enlightenment
 C - 3 potions of haste
 D - 2 potions of ambrosia
 J - 2 potions of resistance {unknown}
 N - a potion of invisibility {unknown}
 O - a potion of degeneration
 P - a potion of heal wounds


   Skills:
 - Level 12.0 Fighting
 + Level 11.4 Dodging
 - Level 8.0 Stealth
 - Level 11.0 Unarmed Combat
 + Level 11.3 Shapeshifting


You had 13 spell levels left.
You didn't know any spells.
Your spell library contained the following spells:

 Spells                   Type           Power      Damage    Failure   Level
 Necrotise                Necr           0%         1d4       38%         1
 Blink                    Tloc           0%         N/A       52%         2
 Lesser Beckoning         Tloc           0%         N/A       52%         2
 Scorch                   Fire           0%         2d5       52%         2
 Frozen Ramparts          Ice            0%         1d1       77%         3
 Vampiric Draining        Necr           0%         2d6       77%         3
 Vhi's Electric Charge    Tloc/Air       0%         N/A       77%         3
 Animate Armour           Summ/Erth      0%         N/A       99%         4
 Dispel Undead            Necr           0%         3d6       99%         4
 Petrify                  Tmut/Erth      0%         N/A       99%         4
 Summon Lightning Spire   Summ/Air       0%         N/A       99%         4
 Agony                    Necr           0%         N/A       100%        5
 Lee's Rapid Deconstruct  Erth           0%         3d4*      100%        5
 Plasma Beam              Fire/Air       0%         2x1d10    100%        6
 Summon Cactus Giant      Summ           0%         N/A       100%        6
 Kiss of Death            Conj/Necr      Unusable   2d5       N/A         1
 Magic Dart               Conj           Unusable   1d3       N/A         1
 Momentum Strike          Conj/Tloc      Unusable   3d8       N/A         2
 Searing Ray              Conj           Unusable   2d4       N/A         2
 Confusing Touch          Hex            Unusable   N/A       N/A         3
 Flame Wave               Conj/Fire      Unusable   2d4       N/A         4
 Fulminant Prism          Conj/Hex       Unusable   3d5       N/A         4
 Leda's Liquefaction      Hex/Erth       Unusable   N/A       N/A         4
 Arcjolt                  Conj/Air       Unusable   1d10      N/A         5
 Metabolic Englaciation   Hex/Ice        Unusable   N/A       N/A         5
 Leda's Unmaking          Conj/Erth      Unusable   9d1       N/A         6

Dungeon Overview and Level Annotations

Branches:
Dungeon (11/15)            Temple (1/1) D:6            Lair (5/5) D:8
  Swamp (0/4) Lair:3        Snake (0/4) Lair:3        IceCv (visited)
Volcano (visited)
  Slime: Lair:4-5       Orc: D:9-12

Altars:
Ashenzari
Cheibriados
Dithmenos
Fedhas
Gozag
Hepliaklqana
Kikubaaqudgha
Makhleb
Nemelex Xobeh
Okawaru
Qazlal
Ru
Sif Muna
Trog
Uskayaw
Vehumet
Wu Jian
Xom
Yredelemnul

Shops:
D:4 ?   D:7 :*=   D:8 [


Innate Abilities, Weirdness & Mutations

You are an enormous anaconda.
You have a powerful constriction melee attack.
Your maximum health is increased.
Your armour is entirely melded.
You are incapable of wielding weapons or throwing items.
((You have claws for hands.))
(You are mostly covered in rugged brown scales. (AC +2, +5% HP))
A weak demonic guardian rushes to your aid.
Your magical and physical power is slightly enhanced at high health.
You cannot train Armour skill.
You cannot study or cast Conjurations magic.
You cannot study or cast Hexes magic.
You cannot study or cast Poison magic.
Spells you cast and wands you use may paralyse nearby enemies.


Message History

The death yak gores you but does no damage.
The death yak attacks as you move away! The death yak barely misses you.
The death yak attacks as you move away! The death yak gores you!
* * * LOW HITPOINT WARNING * * *
The death yak attacks as you move away! The death yak misses you.
The death yak attacks as you move away! The death yak gores you!
* * * LOW HITPOINT WARNING * * *
There is a stone staircase leading up here.
The death yak gores you!
* * * LOW HITPOINT WARNING * * *
A demonic guardian appears!
You climb upwards.
There is a stone staircase leading down here.
You lash the death yak! Your grab misses the death yak.
The death yak is moderately wounded.
The death yak gores you!
* * * LOW HITPOINT WARNING * * *
You feel much better. The death yak gores you.
* * * LOW HITPOINT WARNING * * *
You hit the death yak. Your grab misses the death yak.
The death yak is heavily wounded.
The death yak gores you!
* * * LOW HITPOINT WARNING * * *
You hit the death yak but do no damage. You grab the death yak.
The death yak is heavily wounded.
You constrict the death yak. You hit the death yak but do no damage.
The death yak is heavily wounded.
You constrict the death yak. The death yak gores you!
* * * LOW HITPOINT WARNING * * *
You feel much better.
You constrict the death yak.
The death yak gores you but does no damage.
You hit the death yak but do no damage.
The death yak is heavily wounded.
You constrict the death yak! The death yak gores you!!
* * * LOW HITPOINT WARNING * * *
You hit the death yak but do no damage.
The death yak is heavily wounded.
You constrict the death yak. The death yak gores you!!
You die...

......#..................#.......
.....#########....####...........
########.8.###.#### ##.#........
.######.....##..# ###...~~...
.P#####8.<.8##..# ##.≈~≈≈...
.###.##.....#..#########..≈≈≈≈≈~.
......##...###..#..#.##..~~≈≈≈~..
.....###...##.......#....~≈≈≈~.<.
.....##.....##..S.....#..≈≈≈≈≈...
.....#...8...##..Y....##.~≈≈≈≈~~.
...#...................#..~≈≈≈~~.
..#...8..<..8...#......#...≈≈≈≈..
..#.............##....####..~~...
.........8.......##....###.......
......#...........#.....##.......
...8..#.....#..8...##P...'.......
......#..8..#......###..##.......


You could see a death yak.

Vanquished Creatures
  An eleionoma (Lair:3)
  A fire dragon (Volcano)
  2 centaur warriors (D:8)
  2 boulder beetles
  3 two-headed ogres
  13 death yaks
  Nergalle (Lair:1)
  2 skysharks
  Jeremiah (D:7)
  A deep elf pyromancer (D:8)
  An ugly thing (D:11)
  3 salamanders (Volcano)
  A manticore (D:8)
  A water nymph (shapeshifter) (D:10)
  3 black mambas
  12 elephants
  2 torpor snails
  2 gargoyles
  14 cane toads
  3 rime drakes
  An unseen horror (D:10)
  9 komodo dragons
  2 ice devils (Lair:3)
  2 trolls
  3 polar bears
  3 dream sheep (Lair:3)
  16 blink frogs
  Sigmund (D:2)
  2 shadows (D:10)
  A slime creature (D:8)
  A wraith (D:11)
  10 wyverns
  50 yaks
  8 fire bats (Volcano)
  3 basilisks
  6 steam dragons
  4 nagas (Lair:3)
  14 water moccasins
  An acid dragon (D:9)
  7 orc warriors
  4 black bears
  A sky beast (D:8)
  4 ice beasts
  8 wolves
  6 ogres
  7 centaurs
  3 phantoms
  2 kobold brigands
  2 gnoll sergeants (D:8)
  8 bullfrogs
  2 cane toad simulacra (IceCv)
  3 scorpions
  6 wights (D:8)
  5 killer bees (D:9)
  An elephant simulacrum (IceCv)
  8 howler monkeys
  An electric eel (Lair:4)
  A gnoll bouda (D:8)
  2 jellies (D:7)
  7 orc priests
  Crazy Yiuf (D:3)
  2 hounds
  An iron imp (D:7)
  A sleepcap (D:5)
  Jessica (D:2)
  3 iguanas
  11 orc wizards
  7 hell rats (Lair:5)
  Ijyb (D:5)
  Robin (D:3)
  15 gnolls
  7 adders
  2 shadow imps
  3 white imps
  A worm (D:2)
  4 dart slugs
  40 orcs
  7 endoplasms
  5 giant cockroaches
  11 goblins
  11 hobgoblins
  8 jackals
  3 quokkas
  10 ball pythons
  6 bats
  A frilled lizard (D:2)
  14 kobolds
  6 rats
477 creatures vanquished.

Vanquished Creatures (collateral kills)
  An ugly thing (IceCv)
  5 yaks
  A fire bat (Volcano)
  A water moccasin (Lair:1)
8 creatures vanquished.

Vanquished Creatures (others)
  An ugly thing (D:8)
  A komodo dragon (Lair:4)
2 creatures vanquished.

Grand Total: 487 creatures vanquished

Notes
Turn   | Place    | Note
-------+----------+-------------------------------------------
     0 | D:1      | wazuzuz the Demonspawn Shapeshifter began the quest for the
                  | Orb.
     0 | D:1      | Reached XP level 1. HP: 15/15 MP: 1/1
   137 | D:1      | Found a faded altar of an unknown god.
   153 | D:1      | Gained mutation: You have sharp fingernails. [demonic
                  | ancestry]
   153 | D:1      | Reached XP level 2. HP: 9/21 MP: 2/2
   342 | D:1      | Gained mutation: You have very sharp fingernails. [demonic
                  | ancestry]
   342 | D:1      | Reached XP level 3. HP: 8/26 MP: 3/3
   811 | D:2      | Noticed Sigmund
  1077 | D:2      | Killed Sigmund
  1078 | D:2      | Reached XP level 4. HP: 12/32 MP: 4/4
  1078 | D:2      | Reached XP level 5. HP: 14/37 MP: 5/5
  1161 | D:2      | Noticed Jessica
  1165 | D:2      | Killed Jessica
  1531 | D:3      | Gained mutation: You have claws for hands. [demonic
                  | ancestry]
  1531 | D:3      | Reached XP level 6. HP: 29/43 MP: 6/6
  1816 | D:3      | Noticed Robin
  1821 | D:3      | Killed Robin
  1985 | D:3      | Found a runed translucent door.
  1985 | D:3      | Identified the +11 hammer of Duufit {venom, Str+2}
  1986 | D:3      | Noticed Crazy Yiuf
  1995 | D:3      | Killed Crazy Yiuf
  2436 | D:4      | Reached skill level 5 in Shapeshifting
  2747 | D:4      | Found Cegahuon's Magic Scroll Emporium.
  2750 | D:4      | Bought a scroll of noise for 13 gold pieces
  2751 | D:4      | Bought a scroll of identify for 26 gold pieces
  2751 | D:4      | Bought a scroll of blinking for 97 gold pieces
  2751 | D:4      | Bought a scroll of identify for 26 gold pieces
  2843 | D:4      | Gained mutation: Spells you cast may paralyse adjacent
                  | enemies. [demonic ancestry]
  2843 | D:4      | Reached XP level 7. HP: 31/48 MP: 7/7
  3231 | D:5      | Entered Level 5 of the Dungeon
  3231 | D:5      | Noticed Ijyb
  3248 | D:4      | Reached skill level 5 in Unarmed Combat
  3401 | D:5      | Killed Ijyb
  3587 | D:5      | Found a bloodstained altar of Trog.
  3676 | D:5      | Reached XP level 8. HP: 41/54 MP: 8/8
  3731 | D:5      | Found an ornate altar of the Wu Jian Council.
  3993 | D:6      | Found a staircase to the Ecumenical Temple.
  3997 | D:6      | Noticed a troll
  4003 | Temple   | Entered the Ecumenical Temple
  4026 | Temple   | Became a worshipper of Ru the Awakened
  4074 | D:6      | Killed a troll
  4427 | D:6      | Identified the +9 long sword of Juts {freeze, rElec rF+++
                  | rCorr Dex-5}
  4581 | D:6      | Gained mutation: A weak demonic guardian rushes to your
                  | aid. [demonic ancestry]
  4581 | D:6      | Reached XP level 9. HP: 22/59 MP: 9/9
  4870 | D:6      | Found a broken altar of Ashenzari.
  5044 | D:6      | Reached skill level 2 in Fighting
  5579 | D:7      | Noticed Jeremiah
  5592 | D:7      | Found a shimmering blue altar of Sif Muna.
  5626 | D:7      | Killed Jeremiah
  5627 | D:7      | Reached skill level 3 in Fighting
  5785 | D:7      | Reached skill level 5 in Dodging
  5785 | D:7      | Gained mutation: Spells you cast may paralyse nearby
                  | enemies. [demonic ancestry]
  5785 | D:7      | Reached XP level 10. HP: 70/70 MP: 10/10
  5834 | D:7      | Found a transporter.
  5859 | D:7      | Found Ummaq's Jewellery Shoppe.
  5868 | D:7      | Found a snail-covered altar of Cheibriados.
  5879 | D:7      | Gained mutation: You cannot study or cast Poison magic. [Ru
                  | sacrifice]
  5879 | D:7      | Gained mutation: You cannot study or cast Hexes magic. [Ru
                  | sacrifice]
  5879 | D:7      | Gained mutation: You cannot study or cast Conjurations
                  | magic. [Ru sacrifice]
  5879 | D:7      | Reached * piety under Ru
  6066 | D:7      | Found a transporter.
  6137 | D:7      | Found Butaefatie's Assorted Antiques.
  6144 | D:7      | Bought a metallic black potion for 24 gold pieces
  6144 | D:7      | Bought a scroll labelled YRCHUA VAKE for 27 gold pieces
  6202 | D:7      | Found Iziumuv's Book Emporium.
  6489 | D:8      | Found Caasip's Antique Armour Boutique.
  6596 | D:8      | Noticed a deep elf pyromancer
  6602 | D:8      | Noticed a centaur warrior
  6603 | D:8      | Killed a deep elf pyromancer
  6604 | D:8      | Reached skill level 4 in Fighting
  6609 | D:8      | Killed a centaur warrior
  6616 | D:8      | Identified the ring of Cymicimm {rPois rF+ rC+ Str+3}
  6616 | D:8      | Noticed a centaur warrior
  6623 | D:8      | Killed a centaur warrior
  6624 | D:8      | Reached skill level 5 in Fighting
  6626 | D:8      | Identified the ring "Beagelai" {rN+ Stlth+}
  6641 | D:8      | Noticed a manticore
  6663 | D:8      | Killed a manticore
  6677 | D:8      | Noticed a white ugly thing
  7501 | D:8      | Gained mutation: You are partially covered in rugged brown
                  | scales. (AC +1, +3% HP) [demonic ancestry]
  7501 | D:8      | Reached XP level 11. HP: 39/83 MP: 11/11
  7785 | D:8      | Reached skill level 6 in Fighting
  8009 | D:8      | Identified the amulet "Virufy" {rF+ rC+ Regen+}
  8029 | D:8      | Identified the amulet "Zuuc" {Faith +Blink rElec Str-2
                  | Dex+4}
  8162 | D:8      | Found a staircase to the Lair.
  8398 | D:8      | Killed a white ugly thing
  8698 | D:8      | Gained mutation: You cannot train Armour skill. [Ru
                  | sacrifice]
  8698 | D:8      | Reached ** piety under Ru
  8705 | D:8      | Reached skill level 7 in Fighting
  8982 | D:9      | Found an ancient bone altar of Kikubaaqudgha.
  9012 | D:9      | Found a sparkling altar of Nemelex Xobeh.
  9351 | D:10     | Entered Level 10 of the Dungeon
  9356 | D:10     | Reached skill level 8 in Fighting
  9383 | D:10     | Reached skill level 10 in Unarmed Combat
  9462 | D:10     | Identified the +1 plate armour of the Old World {Str+3}
  9641 | D:10     | Noticed a two-headed ogre
  9654 | D:10     | Killed a two-headed ogre
  9691 | D:10     | Gained mutation: You are mostly covered in rugged brown
                  | scales. (AC +2, +5% HP) [demonic ancestry]
  9691 | D:10     | Reached XP level 12. HP: 87/96 MP: 12/12
  9880 | D:10     | Found a shadowy altar of Dithmenos.
  9888 | D:10     | Found an opulent altar of Gozag.
 10194 | D:11     | Reached skill level 1 in Stealth
 10433 | Lair:1   | Entered Level 1 of the Lair of Beasts
 10449 | Lair:1   | Noticed Nergalle
 10458 | Lair:1   | Killed Nergalle
 10674 | Lair:1   | Reached skill level 9 in Fighting
 11479 | Lair:2   | Reached skill level 10 in Fighting
 11479 | Lair:2   | Reached skill level 5 in Stealth
 11630 | Lair:2   | Noticed a boulder beetle
 11639 | Lair:2   | Killed a boulder beetle
 11640 | Lair:2   | Gained mutation: Spells you cast and wands you use may
                  | paralyse nearby enemies. [demonic ancestry]
 11640 | Lair:2   | Reached XP level 13. HP: 95/109 MP: 13/13
 12118 | Lair:2   | Reached skill level 11 in Fighting
 12397 | Lair:3   | Found a staircase to the Swamp.
 12397 | Lair:3   | Noticed an eleionoma
 12403 | Lair:3   | Killed an eleionoma
 12434 | Lair:3   | Found a frozen archway.
 12450 | IceCv    | Entered an ice cave
 12470 | IceCv    | Found a transporter.
 12481 | IceCv    | Found a transporter.
 12690 | Lair:3   | Found a staircase to the Snake Pit.
 13072 | Lair:3   | Reached skill level 10 in Shapeshifting
 13566 | Lair:4   | Reached skill level 12 in Fighting
 13710 | Lair:4   | Reached skill level 10 in Dodging
 13720 | Lair:4   | HP: 6/135 [blink frog (4)]
 13861 | Lair:4   | Found a dark tunnel.
 13869 | Volcano  | Entered a volcano
 13971 | Volcano  | Gained mutation: Your magical and physical power is
                  | slightly enhanced at high health. [demonic ancestry]
 13971 | Volcano  | Reached XP level 14. HP: 96/120 MP: 14/14
 14924 | Lair:5   | Entered Level 5 of the Lair of Beasts
 15321 | Lair:4   | Slain by a death yak

Illustrated notes

Levels and vault maps discovered:
D:1:      lightli_arrival_chessboard, layout_basic,
          ebering_ecumenical_altar_box, minmay_small_reverse_x
D:2:      layout_basic, uniq_jessica, uniq_sigmund
D:3:      layout_loops_cross, nicolae_elyvilon_temple_path,
          kennysheep_nondescript, uniq_crazy_yiuf_cottage, uniq_robin
D:4:      layout_loops_corners, serial_shops, nicolae_shop_behind_doors,
          minmay_misc_feat_room
D:5:      layout_rooms, mainiacjoe_overflow_surrounded_room,
          mainiacjoe_overflow_cross_hatched, nicolae_the_louvre, uniq_ijyb
D:6:      layout_loops_ring, ashenzari_conservatory_becter, temple_pool_b,
          chequers_serial_rivers_large_b, kennysheep_generic_room_2
D:7:      layout_cave_pools, led_sif_pool, slow_altar_1, serial_shops, shop,
          nicolae_shop_drivethru, nicolae_shop_just_a_little_nook,
          corexii_hall_statues_i, uniq_jeremiah
D:8:      minmay_the_grid_triangle_9x9_recursive_2
          [minmay_the_grid_triangle_9x9_prize_special,
          minmay_the_grid_triangle_9x9_pentomino_pain,
          minmay_the_grid_triangle_9x9_limited_checkers,
          minmay_the_grid_triangle_9x9_semitri], layout_cave_pods,
          hellmonk_lair_entry_icy, serial_shops, shop
D:9:      layout_basic, mainiacjoe_overflow_alcove_1,
          mainiacjoe_overflow_boulevard
D:10:     layout_cave_pools, mainiacjoe_overflow_catwalk_spiral, special_room
          [special_room_orc]
D:11:     layout_big_octagon
Temple:   nicolae_temple_hex_pool
Lair:1:   layout_long_grid, basic_altar, beast_lair_carwin_2,
          infiniplex_staircase_pool_2, lemuel_fruit_tree, uniq_nergalle
Lair:2:   layout_loops_ring, grunt_megastairs_1, serial_bayou_shore_a
Lair:3:   layout_small_grid, alex1729_swamp_entry_worm_eleionoma,
          minmay_snake_entry_guardpost_small, portal_ice_cave_demonic_guard
Lair:4:   layout_roguey, enter_volcano_2, infiniplex_staircase_pool,
          grunt_megastairs_3
Lair:5:   hangedman_lair_in_review, layout_regular_city, slime_entry_1,
          minivault_23, eino_small_chamber_without_monster

Skill      XL: |  1  2  3  4  5  6  7  8  9 10 11 12 13 14 |
---------------+-------------------------------------------+-----
Shapeshifting  | 3 4 5 6 8 9 10 11 | 11.3
Unarmed Combat | 3 4 5 6 8 11 | 11.0
Dodging        | 5 7 8 9 10 11 | 11.4
Fighting       | 3 5 8 10 12 | 12.0
Stealth        | 5 8 |  8.0

Action                     |  1- 3 |  4- 6 |  7- 9 | 10-12 | 13-15 || total
---------------------------+-------+-------+-------+-------+-------++-------
  Melee: Unarmed           |    75 |    92 |   207 |   592 |   459 ||  1425
         Constrict         |    21 |    21 |    37 |   133 |   103 ||   315
 Invoke: Sacrifice Arcana  |       |       |       |     1 |       ||     1
         Sacrifice Durabil |       |       |       |     1 |       ||     1
         Reject Sacrifices |       |       |       |     1 |     1 ||     2
Ability: Begin Untransform |       |       |       |     1 |       ||     1
    Use: Scroll            |       |       |     1 |    11 |     7 ||    19
         Potion            |       |       |       |       |     5 ||     5
   Stab: Sleeping          |     1 |     2 |     1 |     4 |     3 ||    11
         Invisible         |       |       |       |     1 |     1 ||     2
         Distracted        |       |       |       |       |     5 ||     5
 Armour: Skin              |    48 |    31 |    55 |   171 |    78 ||   383
         Troll leather arm |       |       |       |     1 |       ||     1
  Dodge: Dodged            |    50 |    34 |    72 |   306 |   340 ||   802
  Block: Other             |       |       |    28 |    40 |       ||    68
         Reflection        |       |       |     4 |     1 |       ||     5
   Form: Anaconda          |     1 |       |     1 |     1 |       ||     3
                           |       |       |     1 |       |       ||     1

Table legend: (Time is in decaauts)
 A = Elapsed time spent in this place.
 B = Non-inter-level travel time spent in this place.
 C = Inter-level travel time spent in this place.
 D = Time resting spent in this place.
 E = Time spent auto-exploring this place.
 F = Levels seen in this place.
 G = Mean time per level.
                   A        B        C        D        E       F      G
               +--------+--------+--------+--------+--------+-----+--------+
         Total |  15110 |  14497 |    613 |   2067 |   8668 |  19 |  795.3 |
       Dungeon |  10298 |   9833 |    465 |   1769 |   5790 |  11 |  936.2 |
        Temple |     46 |     46 |      0 |      0 |      0 |   1 |   46.0 |
          Lair |   4282 |   4134 |    148 |    224 |   2778 |   5 |  856.4 |
      Ice Cave |     62 |     62 |      0 |     14 |      0 |   1 |   62.0 |
       Volcano |    421 |    421 |      0 |     60 |    100 |   1 |  421.0 |
               +--------+--------+--------+--------+--------+-----+--------+

Top non-repeatable levels by time:
     D:8: 1836 daAuts
     D:7: 1530 daAuts
     D:6: 1404 daAuts
  Lair:3: 1101 daAuts
     D:4: 1091 daAuts
  Lair:2: 1068 daAuts
  Lair:4: 930 daAuts
  Lair:1: 801 daAuts
     D:2: 792 daAuts
    D:10: 749 daAuts
     D:3: 746 daAuts
     D:1: 688 daAuts
     D:5: 612 daAuts
     D:9: 565 daAuts
 Volcano: 421 daAuts
